 Dungeon Crawl Stone Soup version 0.19-a0-1041-g82b1012 (webtiles) character file.

128270 Gorice the Fencer (level 16, -3/133 HPs)
             Began as a Demonspawn Monk on July 24, 2016.
             Was the Champion of Okawaru.
             Slain by a spark wasp (5 damage)
             ... on level 3 of the Spider Nest on July 30, 2016.
             The game lasted 02:58:16 (38244 turns).

Gorice the Fencer (Demonspawn Monk)                Turns: 38244, Time: 02:58:17

Health: -3/133     AC: 27    Str: 17    XL:     16   Next: 48%
Magic:  23/23      EV: 10    Int:  7    God:    Okawaru [******]
Gold:   1274       SH:  0    Dex: 23    Spells: 2 memorised, 12 levels left

rFire  + . .     SeeInvis +     a - +4 triple sword of Battle {venom, Dex+4}
rCold  + . .     Gourm    .     i - +2 chain mail {rPois}
rNeg   + + .     Faith    .     (shield currently unavailable)
rPois  +         Spirit   .     (helmet unavailable)
rElec  +         Dismiss  +     (no cloak)
rCorr  +         Reflect  .     o - +1 pair of gloves "Aroib" {rN+ rCorr Int-4 Dex+3}
SustAt .         Harm     .     l - +1 pair of boots {run}
MR     ++...                    T - amulet of dismissal
Stlth  ++........               v - ring of protection from magic
                                p - ring of positive energy

@: resistant, quick, very resistant to hostile enchantments, unstealthy
A: antennae 3, rough black scales 2, nightstalker 3, spiny 2
a: Heroism, Finesse, Renounce Religion


You were on level 3 of the Spider Nest.
You worshipped Okawaru.
Okawaru was exalted by your worship.
You were not hungry.

You visited 5 branches of the dungeon, and saw 27 of its levels.
You also visited: Sewer and Volcano.

You collected 2331 gold pieces.
You spent 1057 gold pieces at shops.

Inventory:

Hand Weapons
 a - the +4 triple sword of Battle (weapon) {venom, Dex+4}
   (Okawaru gifted it to you on level 11 of the Dungeon)

   It poisons the flesh of those it strikes.
   It affects your dexterity (+4).
 b - a +6 arbalest of velocity
   (Okawaru gifted it to you on level 10 of the Dungeon)
 f - a +0 great sword of flaming
   (You took it off a fire giant on level 15 of the Dungeon)
 y - a +2 antimagic great sword
   (Okawaru gifted it to you on level 2 of the Spider Nest)
Missiles
 m - 13 javelins (quivered)
 u - 168 bolts
 X - 8 tomahawks of dispersal
 Y - a throwing net
Armour
 i - a +2 chain mail of poison resistance (worn)
   (You took it off an orc warrior on level 8 of the Dungeon)
 l - a +1 pair of boots of running (worn)
   (Okawaru gifted it to you on level 1 of the Spider Nest)
 o - the +1 pair of gloves "Aroib" (worn) {rN+ rCorr Int-4 Dex+3}
   (Okawaru gifted it to you on level 12 of the Dungeon)

   It affects your intelligence (-4).
   It affects your dexterity (+3).
   It protects you from negative energy.
   It protects you from acid and corrosion.
Magical Staves
 s - an uncursed staff of earth
Rods
 L - a +0 lightning rod (10/10) {!a}
   (You found it on level 7 of the Dungeon)
Jewellery
 p - a ring of positive energy (left hand)
 q - an uncursed ring of fire
 v - a ring of protection from magic (right hand)
 D - a +2 ring of strength {unknown}
 J - an uncursed ring of magical power
 T - an amulet of dismissal (around neck)
Wands
 g - a wand of heal wounds (9/9) {!d}
 B - a wand of digging (10/24)
 G - a wand of acid (10/15)
 H - a wand of iceblast (9/15)
 M - a wand of random effects (16/48)
Scrolls
 e - 4 scrolls of teleportation {!r}
 h - 4 scrolls of blinking
 z - 3 scrolls of magic mapping {!r}
 C - 10 scrolls of remove curse
 E - a scroll of fear {!r}
 F - a scroll of enchant weapon
 I - 4 scrolls of identify
 O - 3 scrolls of fog
Potions
 j - 3 potions of heal wounds {!q}
 k - 3 potions of might {!q}
 t - 10 potions of curing
 w - a potion of magic {!q}
 x - 7 potions of agility {!q}
 A - a potion of invisibility {!q}
 P - 2 potions of cancellation {!q}
 S - 4 potions of haste {!q}
Miscellaneous
 d - a fan of gales
 Z - a box of beasts
Comestibles
 c - 9 bread rations {!e}
 n - 40 fruits
 r - 7 chunks of flesh
 K - a meat ration {!e}


   Skills:
 + Level 14.1 Fighting
 + Level 17.1 Long Blades
 - Level 15.0 Armour
 + Level 3.2 Dodging
 - Level 1.7 Stealth
 - Level 10.1 Invocations


You had 12 spell levels left.
You knew the following spells:

 Your Spells              Type           Power        Failure   Level  Hunger
B - Summon Butterflies    Summ           #.......     100%        1    ##.....
M - Repel Missiles        Chrm/Air       #.....       100%        2    ###....


Dungeon Overview and Level Annotations

Branches:
Dungeon (15/15)            Temple (1/1) D:6            Lair (6/6) D:8
  Swamp (0/4) Lair:2       Spider (3/4) Lair:4        Slime (0/5) Lair:5
    Orc (2/2) D:12            Elf (0/3) Orc:2        Vaults (0/5) D:13
 Depths (0/5) D:15

Altars:
Ashenzari
Cheibriados
Dithmenos
Elyvilon
Fedhas
Gozag
Hepliaklqana
Kikubaaqudgha
Makhleb
Nemelex Xobeh
Okawaru
Pakellas
Qazlal
Ru
Sif Muna
Trog
Uskayaw
Vehumet
Xom
Yredelemnul
Zin
The Shining One
Jiyva

Shops:
D:7 !   D:8 [   D:15 (   Orc:2 *:==(

Annotations:
D:9 JustSomeDude's ghost, novice DsMo
D:13 vpUX: deep water vault needs flight
Lair:6 HAL9000's ghost, journeyman VSEn
Spider:1 vpuX: deep water needs flight


Innate Abilities, Weirdness & Mutations

You have a pair of large antennae on your head. (SInv)
You are mostly covered in rough black scales. (AC +7, Dex -2)
You are completely attuned to the shadows.
You are mostly covered in sharp spines.


Message History

There isn't anything edible to butcher here.
You butcher the torpor snail corpse.
r - 7 chunks of flesh (gained 2)
You see here a demonic crawler corpse.
Unknown command.
Your chain mail prevents you from hitting the spark wasp.
The spark wasp barely misses you.
The spark wasp is struck by your spines.
The spark wasp stings you!
* * * LOW HITPOINT WARNING * * *
The spark wasp shocks you!
* * * LOW HITPOINT WARNING * * *
Damage: 24 (max 24)
You closely miss the spark wasp.
The spark wasp is lightly wounded.
The spark wasp stings you!
* * * LOW HITPOINT WARNING * * *
The spark wasp shocks you!
* * * LOW HITPOINT WARNING * * *
Damage: 33 (max 33) Unknown command.
Really quaff
j - 6 potions of heal wounds {!q}?
You feel much better.
The spark wasp is struck by your spines.
The spark wasp stings you but does no damage.
The spark wasp is struck by your spines.
The spark wasp stings you.
* * * LOW HITPOINT WARNING * * *
The spark wasp shocks you!
* * * LOW HITPOINT WARNING * * *
Unknown command.
Unknown command.
Really quaff
j - 5 potions of heal wounds {!q}?
You feel much better. The spark wasp stings you!
* * * LOW HITPOINT WARNING * * *
The spark wasp shocks you!
* * * LOW HITPOINT WARNING * * *
Damage: 9 (max 33) Unknown command.
Really quaff
j - 4 potions of heal wounds {!q}?
You feel much better.
The spark wasp stings you but does no damage.
The spark wasp barely misses you.
You riposte.
You closely miss the spark wasp.
The spark wasp is moderately wounded.
Really quaff
N - a potion of resistance {!q}?
You feel protected. The spark wasp stings you!!
* * * LOW HITPOINT WARNING * * *
The spark wasp shocks you. You resist.
You die...

..#.# ##....#..#..
##...^#..#.^##....
....#..^.....##..#....
#.(.#.##...^..#..#....
#..#.^.^..#..#....#<.
#..#...#((......†<†.#.^
.....y...†.###^.#...#..
.(.##@..#......#.#..#.
##.#.†..#...####....#.
##.#†.†.^#..#..^..#...#
#..)...#.....^.#....#.#
#...^...^%.#..##.......^
##.....#.#.#.##.....#.##
#%.#...##.### ##...^...#
#.....## . ...#.#...
....##


You could see a spark wasp.

Vanquished Creatures
  Gastronok (Lair:3)
  Frances (D:13)
  Agnes (D:14)
  A fire giant (D:15)
  An orc warlord (Orc:2)
  An emperor scorpion (Spider:2)
  3 entropy weavers
  4 dire elephants (Lair:6)
  Snorg (D:12)
  Josephine (Lair:6)
  Harold (D:11)
  A rakshasa (D:14)
  7 hydras
  3 vault guards (D:13)
  Erolcha (D:9)
  3 catoblepae
  A centaur warrior (D:15)
  An anaconda (Lair:6)
  A tengu warrior (D:15)
  3 death yaks (Lair:5)
  3 ogre magi
  Urug (D:12)
  Nergalle (Lair:2)
  4 unseen horrors
  9 hill giants
  2 deep trolls
  4 deep elf magi
  8 orb spiders
  A necromancer (D:13)
  4 griffons
  2 hornets (Spider:2)
  An orc sorcerer (Orc:2)
  2 ugly things
  22 wolf spiders
  A manticore (D:11)
  2 cyclopes
  4 elephants (Lair:6)
  6 centaur zombies
  3 black mambas
  Joseph (D:7)
  A torpor snail (Spider:3)
  4 gargoyles
  A molten gargoyle (Volcano)
  3 rime drakes
  A yaktaur (D:13)
  8 spiny frogs
  A kobold demonologist (D:15)
  11 demonic crawlers
  7 komodo dragons
  A queen bee (Spider:1)
  12 trolls
  30 jumping spiders
  Prince Ribbit (D:7)
  The ghost of Yermak the Covert, a novice SpGl of Sif Muna (D:6)
  4 meliai
  8 blink frogs
  2 boulder beetles
  10 two-headed ogres
  2 meliai zombies
  62 redbacks
  3 wyverns
  16 tarantellas
  31 yaks
  Sigmund (D:4)
  A fire elemental (Volcano)
  3 wraiths (Lair:6)
  3 fire bats (Lair:3)
  A hungry ghost (D:13)
  19 humans (D:13)
  4 vampire mosquitoes
  A basilisk (Lair:5)
  9 hippogriffs
  5 wargs
  2 soldier ants
  7 water moccasins
  Duvessa (D:5)
  8 porcupines
  11 ice beasts
  2 black bears (D:7)
  14 orc warriors
  27 ogres
  17 centaurs
  An eye of draining (D:10)
  4 wolves (Lair:4)
  15 crocodiles
  5 big kobolds
  16 giant frogs
  A wyvern zombie (D:10)
  Dowan (D:5)
  A wyvern skeleton (D:10)
  2 water moccasin zombies
  5 scorpions
  26 killer bees
  2 electric eels (D:13)
  11 wights
  7 howler monkeys
  A giant frog zombie (D:8)
  2 quasits
  5 crimson imps
  2 orc priests
  5 hounds
  3 giant frog skeletons
  2 jellies
  22 orc wizards
  3 centaur skeletons
  11 iguanas
  17 worker ants
  15 sheep
  A hound zombie (D:6)
  2 howler monkey zombies
  6 gnolls
  19 adders
  59 river rats
  3 shadow imps
  An ooze (D:1)
  An adder skeleton (D:6)
  7 worms
  4 dart slugs (D:1)
  2 giant geckos
  67 orcs
  2 ball pythons
  7 bats
  12 giant cockroaches
  8 goblins
  7 hobgoblins
  9 jackals
  31 kobolds
  4 quokkas
  8 giant newts
  A quokka skeleton (D:9)
  A quokka zombie (D:6)
  13 rats
  A fungus (D:8)
  4 plants (Lair:6)
939 creatures vanquished.

Vanquished Creatures (others)
  2 redbacks
  9 fungi
  4 plants (Lair:6)
15 creatures vanquished.

Grand Total: 954 creatures vanquished

Notes
Turn   | Place    | Note
-------+----------+-------------------------------------------
     0 | D:1      | Gorice the Demonspawn Monk began the quest for the Orb.
     0 | D:1      | Reached XP level 1. HP: 18/18 MP: 1/1
    24 | D:1      | HP: 5/18 [dart slug/slug dart (6)]
   252 | D:1      | Reached skill level 3 in Long Blades
   287 | D:1      | Gained mutation: You are partially covered in sharp spines. [demonic ancestry]
   287 | D:1      | Reached XP level 2. HP: 19/24 MP: 2/2
   721 | D:1      | Gained mutation: You are slightly more attuned to the shadows. [demonic ancestry]
   721 | D:1      | Reached XP level 3. HP: 29/29 MP: 3/3
   972 | D:1      | Reached skill level 4 in Long Blades
  1404 | D:2      | Reached XP level 4. HP: 35/35 MP: 4/4
  1836 | D:2      | Found a shimmering altar of Xom.
  2104 | D:3      | Upgraded the game from 0.19-a0-1013-g40768a3 to 0.19-a0-1019-g9c6a58d
  2245 | D:3      | Reached skill level 5 in Long Blades
  2296 | D:3      | HP: 10/35 [worm (9)]
  2324 | D:3      | HP: 8/35 [orc (5)]
  2325 | D:3      | Gained mutation: You are significantly more attuned to the shadows. [demonic ancestry]
  2325 | D:3      | Reached XP level 5. HP: 10/41 MP: 5/5
  2414 | D:3      | Found a snail-covered altar of Cheibriados.
  2444 | D:3      | Found a glowing drain.
  2478 | D:3      | HP: 11/41 [gnoll/flail (9)]
  2512 | Sewer    | Entered a sewer
  2683 | Sewer    | Reached skill level 6 in Long Blades
  2683 | Sewer    | Reached XP level 6. HP: 32/47 MP: 6/6
  2707 | Sewer    | Found a white marble altar of Elyvilon.
  3348 | D:4      | Found a shadowy altar of Dithmenos.
  3366 | D:4      | HP: 10/47 [orc priest/nerve-wracking pain (11)]
  3376 | D:4      | HP: 7/47 [orc/flail (4)]
  3381 | D:4      | HP: 7/47 [howler monkey (1)]
  3441 | D:4      | Noticed Sigmund
  3713 | D:4      | Reached skill level 7 in Long Blades
  4250 | D:4      | Found a sacrificial altar of Ru.
  4314 | D:5      | Entered Level 5 of the Dungeon
  4331 | D:5      | Found an opulent altar of Gozag.
  4353 | D:5      | Noticed Dowan
  4499 | D:5      | Gained mutation: You have a pair of small antennae on your head. [demonic ancestry]
  4499 | D:5      | Reached XP level 7. HP: 52/52 MP: 7/7
  4694 | D:5      | Found a runed door.
  4712 | D:5      | Found a runed door.
  4846 | D:5      | Noticed Duvessa
  5435 | D:6      | Found a staircase to the Ecumenical Temple.
  5441 | Temple   | Entered the Ecumenical Temple
  5529 | Temple   | Upgraded the game from 0.19-a0-1019-g9c6a58d to 0.19-a0-1035-gdbfb0c6
  5546 | Temple   | Became a worshipper of Warmaster Okawaru
  5546 | Temple   | Reached * piety under Okawaru
  5546 | Temple   | Reached ** piety under Okawaru
  5722 | D:6      | Reached skill level 8 in Long Blades
  6021 | D:6      | Noticed Yermak's ghost (novice SpGl)
  6224 | D:6      | Reached skill level 9 in Long Blades
  6224 | D:6      | Gained mutation: You are completely attuned to the shadows. [demonic ancestry]
  6224 | D:6      | Reached XP level 8. HP: 58/58 MP: 8/8
  6417 | D:7      | Noticed Joseph
  6430 | D:7      | HP: 15/58 [Joseph/sling bullet (10)]
  6679 | D:7      | Noticed Prince Ribbit
  6691 | D:7      | HP: 16/58 [Prince Ribbit (13)]
  6694 | D:7      | HP: 4/58 [Prince Ribbit (10)]
  6707 | D:7      | Reached skill level 10 in Long Blades
  6715 | D:7      | Killed Prince Ribbit
  6715 | D:7      | Reached *** piety under Okawaru
  7080 | D:7      | Found Weceh's Distillery.
  7085 | D:7      | Bought a potion of mutation for 35 gold pieces
  7085 | D:7      | Bought a potion of resistance for 140 gold pieces
  7085 | D:7      | Bought a potion of heal wounds for 70 gold pieces
  7250 | D:7      | Killed Joseph
  7250 | D:7      | Reached skill level 11 in Long Blades
  7250 | D:7      | Gained mutation: You are mostly covered in sharp spines. [demonic ancestry]
  7250 | D:7      | Reached XP level 9. HP: 30/63 MP: 7/9
  7618 | D:8      | Found a hide-covered altar of Uskayaw.
  7810 | D:8      | HP: 18/63 [orc wizard/dagger (3)]
  8096 | D:8      | Found Cetoz's Armour Shop.
  8178 | D:8      | Found a sparkling altar of Nemelex Xobeh.
  8178 | D:8      | Found a deep blue altar of Sif Muna.
  8307 | D:8      | Reached skill level 1 in Armour
  8398 | D:8      | Found a staircase to the Lair.
  8758 | D:8      | Killed an unseen horror
  8758 | D:8      | Reached skill level 12 in Long Blades
  8758 | D:8      | Reached skill level 2 in Armour
  8797 | D:8      | Reached **** piety under Okawaru
  8797 | D:8      | Reached skill level 3 in Armour
  9289 | D:8      | Gained mutation: You have a pair of antennae on your head. [demonic ancestry]
  9289 | D:8      | Reached XP level 10. HP: 64/70 MP: 10/10
  9546 | Lair:1   | Entered Level 1 of the Lair of Beasts
  9906 | Lair:1   | Reached skill level 4 in Armour
  9911 | Lair:1   | HP: 17/70 [yak (8)]
  9970 | D:8      | HP: 19/70 [yak (4)]
  9976 | D:8      | HP: 11/70 [yak (5)]
 10204 | D:8      | HP: 16/70 [yak (11)]
 10206 | D:8      | HP: 6/70 [yak (11)]
 10793 | Lair:1   | HP: 21/70 [komodo dragon (7)]
 10794 | Lair:1   | HP: 5/70 [komodo dragon (17)]
 10799 | Lair:1   | HP: 17/70 [komodo dragon (13)]
 11179 | Lair:1   | Reached skill level 13 in Long Blades
 11179 | Lair:1   | Reached skill level 5 in Armour
 11187 | Lair:1   | HP: 17/70 [yak (6)]
 11807 | Lair:2   | Reached skill level 1 in Invocations
 11816 | Lair:2   | Noticed a black mamba
 11817 | Lair:2   | Noticed a griffon
 11824 | Lair:2   | Killed a black mamba
 11824 | Lair:2   | Reached skill level 2 in Invocations
 11827 | Lair:2   | Noticed a spiny frog
 11839 | Lair:2   | HP: 4/70 [spiny frog (18)]
 11840 | Lair:2   | Killed a spiny frog
 11840 | Lair:2   | Reached ***** piety under Okawaru
 11840 | Lair:2   | Reached skill level 3 in Invocations
 12112 | Lair:2   | Reached skill level 6 in Armour
 12124 | Lair:2   | Reached skill level 4 in Invocations
 12498 | Lair:2   | Noticed Nergalle
 12506 | Lair:2   | Killed Nergalle
 12506 | Lair:2   | Reached skill level 5 in Invocations
 12550 | Lair:2   | Reached skill level 6 in Invocations
 12596 | Lair:2   | Noticed a spiny frog
 12614 | Lair:2   | HP: 12/70 [spiny frog (11)]
 12616 | Lair:2   | Killed a spiny frog
 12616 | Lair:2   | Reached XP level 11. HP: 13/75 MP: 12/15
 12925 | Lair:2   | Reached skill level 7 in Armour
 13078 | Lair:2   | Killed a griffon
 13078 | Lair:2   | Reached skill level 7 in Invocations
 13307 | Lair:2   | Found a staircase to the Swamp.
 13693 | Lair:2   | HP: 18/75 [komodo dragon (22)]
 13703 | Lair:2   | HP: 11/75 [komodo dragon (17)]
 13988 | Lair:2   | Noticed an eight-headed hydra
 14123 | Lair:1   | Learned a level 2 spell: Repel Missiles
 14280 | D:9      | Reached skill level 8 in Invocations
 14362 | D:9      | Noticed Erolcha
 14381 | D:9      | Killed Erolcha
 14381 | D:9      | Reached skill level 8 in Armour
 14845 | D:9      | Noticed JustSomeDude's ghost (novice DsMo)
 15168 | D:9      | Reached skill level 9 in Invocations
 15206 | D:10     | Entered Level 10 of the Dungeon
 15248 | D:10     | Received a gift from Okawaru
 15505 | D:10     | Got a smoking scale mail
 15525 | D:9      | Identified the cursed +1 scale mail of Qoped {rC- rN+ Str+2 Int+4} (You found it on level 10 of the Dungeon)
 15705 | D:10     | Noticed a cyan ugly thing
 15715 | D:10     | Killed a cyan ugly thing
 15883 | D:10     | Found a shadowy altar of Dithmenos.
 15921 | D:10     | Noticed a hill giant
 15942 | D:10     | Killed a hill giant
 15942 | D:10     | Reached skill level 10 in Invocations
 15954 | D:10     | Reached skill level 9 in Armour
 15989 | D:10     | Noticed a hill giant
 15998 | D:10     | Killed a hill giant
 16223 | D:10     | Reached skill level 4 in Fighting
 16253 | D:10     | You fall through a shaft!
 16314 | D:11     | Killed an unseen horror
 16430 | D:11     | HP: 23/78 [centaur/shortbow (4)]
 16434 | D:11     | Received a gift from Okawaru
 16434 | D:11     | Gained mutation: You are partially covered in rough black scales. (AC +4, Dex -1) [demonic ancestry]
 16434 | D:11     | Reached XP level 12. HP: 26/84 MP: 17/19
 16435 | D:11     | --rb scales AC+4 mid fight - handy!
 16459 | D:11     | Got a faintly glowing triple sword {god gift}
 16460 | D:11     | Identified the +4 triple sword of Battle {venom, Dex+4} (Okawaru gifted it to you on level 11 of the Dungeon)
 16464 | D:11     | --also handy!
 16545 | D:11     | Noticed Harold
 16547 | D:11     | HP: 24/84 [Harold/bolt of fire (28)]
 16552 | D:11     | HP: 25/84 [Harold/mace of protection (2)]
 17210 | D:11     | Killed Harold
 17210 | D:11     | Reached skill level 5 in Fighting
 17619 | D:4      | Killed Sigmund
 17872 | D:5      | Killed Duvessa
 17876 | D:5      | Killed Dowan
 17971 | D:6      | Reached skill level 10 in Armour
 17976 | D:6      | Killed Yermak's ghost
 18147 | D:12     | Noticed a five-headed hydra
 18158 | D:12     | Killed a five-headed hydra
 18158 | D:12     | Reached skill level 6 in Fighting
 18758 | D:12     | Found a staircase to the Orcish Mines.
 18881 | D:12     | Reached skill level 7 in Fighting
 19134 | D:12     | Noticed Snorg
 19147 | D:12     | Killed Snorg
 19147 | D:12     | Received a gift from Okawaru
 19151 | D:12     | HP: 24/91 [deep elf mage/bolt of magma (21)]
 19155 | D:12     | Got a pair of twisted gloves {god gift}
 19161 | D:12     | Identified the +1 pair of gloves "Aroib" {rN+ rCorr Int-4 Dex+3} (Okawaru gifted it to you on level 12 of the Dungeon)
 19452 | D:12     | Noticed Urug
 19465 | D:12     | Killed Urug
 19678 | D:12     | Reached skill level 14 in Long Blades
 19678 | D:12     | Reached skill level 11 in Armour
 19678 | D:12     | Gained mutation: You are mostly covered in rough black scales. (AC +7, Dex -2) [demonic ancestry]
 19678 | D:12     | Reached XP level 13. HP: 52/98 MP: 20/20
 19859 | D:12     | --vpUX: iron grate
 20003 | Lair:1   | Identified a scroll of acquirement
 20480 | Lair:3   | Reached skill level 8 in Fighting
 20681 | Lair:3   | Found a dark tunnel.
 20691 | Volcano  | Entered a volcano
 21511 | Lair:3   | Noticed Gastronok
 21524 | Lair:3   | Killed Gastronok
 22294 | Lair:4   | Reached skill level 9 in Fighting
 22414 | Lair:4   | Found a hole to the Spider Nest.
 22916 | Lair:4   | Identified the Handbook of the Gliding Escort
 22922 | Lair:4   | Reached ****** piety under Okawaru
 23612 | Lair:5   | Reached skill level 12 in Armour
 23768 | Lair:5   | Found a viscous altar of Jiyva.
 23912 | Lair:5   | Found a staircase to the Slime Pits.
 23931 | Lair:5   | Received a gift from Okawaru
 24036 | Lair:5   | Found a bloodstained altar of Trog.
 24482 | Lair:6   | Entered Level 6 of the Lair of Beasts
 24552 | Lair:6   | Reached skill level 10 in Fighting
 24970 | Lair:6   | Reached XP level 14. HP: 81/110 MP: 18/21
 25253 | Lair:6   | Noticed Josephine
 25265 | Lair:6   | Killed Josephine
 25265 | Lair:6   | Reached skill level 15 in Long Blades
 25276 | Lair:6   | Noticed HAL9000's ghost (journeyman VSEn)
 25284 | Lair:6   | Received a gift from Okawaru
 25475 | Lair:6   | Upgraded the game from 0.19-a0-1035-gdbfb0c6 to 0.19-a0-1041-g82b1012
 26403 | Lair:6   | Got a smoking garnet amulet
 26713 | Orc:1    | Entered Level 1 of the Orcish Mines
 27116 | Orc:2    | Entered Level 2 of the Orcish Mines
 27140 | Orc:2    | Reached skill level 11 in Fighting
 27266 | Orc:2    | Found a staircase to the Elven Halls.
 27347 | Orc:2    | Found Xemiusk's Antique Weapon Boutique.
 27405 | Orc:2    | Received a gift from Okawaru
 27411 | Orc:2    | HP: 29/113 [cyclops/large rock (12)]
 27418 | Orc:2    | HP: 18/113 [troll (4)]
 27933 | Orc:1    | Reached skill level 13 in Armour
 28049 | Orc:2    | Paralysed by an orc sorcerer for 6 turns
 28278 | Orc:2    | Found Yfajeot's Book Boutique.
 28279 | Orc:2    | Found Seicsiv's Jewellery Shop.
 28302 | Orc:2    | Found Veuggaug's General Store.
 28307 | Orc:2    | Found Vuimyidd's Jewellery Boutique.
 28331 | Orc:2    | Paralysed by an ogre mage for 3 turns
 28337 | Orc:2    | HP: 33/113 [deep troll (11)]
 28378 | Orc:2    | Noticed an orc warlord
 28390 | Orc:2    | Killed an orc warlord
 28954 | Orc:2    | Bought an uncursed ring of protection from magic for 350 gold pieces
 28954 | Orc:2    | Bought an uncursed ring of see invisible for 210 gold pieces
 28970 | Orc:2    | Bought an encrusted scimitar for 252 gold pieces
 28971 | Orc:2    | Identified the +10 scimitar of Beogh's Fury {slice, rN++} (You bought it in a shop on level 2 of the Orcish Mines)
 29722 | D:13     | Reached skill level 12 in Fighting
 29722 | D:13     | Reached XP level 15. HP: 46/120 MP: 22/22
 29882 | D:13     | Received a gift from Okawaru
 30324 | D:13     | Noticed Frances
 30338 | D:13     | Killed Frances
 30705 | D:13     | Found a gate to the Vaults.
 30895 | Lair:1   | Identified the amulet of Lun Piophaso {Faith Dex+5} (You found it on level 6 of the Lair of Beasts)
 31741 | D:15     | Entered Level 15 of the Dungeon
 31830 | D:15     | Noticed Agnes
 31848 | D:14     | Killed Agnes
 31848 | D:14     | Reached skill level 16 in Long Blades
 32351 | D:15     | Found Jiruo's Weapon Emporium.
 32567 | D:15     | Found a staircase to the Depths.
 32567 | D:15     | Noticed a fire giant
 33019 | D:15     | Killed a fire giant
 33019 | D:15     | Received a gift from Okawaru
 33338 | Spider:1 | Entered Level 1 of the Spider Nest
 33348 | Spider:1 | Reached skill level 14 in Armour
 33378 | Spider:1 | Received a gift from Okawaru
 33399 | Spider:1 | Identified a +1 pair of boots of running (Okawaru gifted it to you on level 1 of the Spider Nest)
 33399 | Spider:1 | --Woah boots of running, thanks Oka
 33399 | Spider:1 | --could have made them +2 tho!
 33792 | Spider:1 | HP: 32/122 [jumping spider (9)]
 33795 | Spider:1 | HP: 13/122 [demonic crawler (7)]
 33869 | Spider:1 | HP: 35/122 [wolf spider (7)]
 34105 | Spider:1 | Reached skill level 13 in Fighting
 34131 | Spider:1 | Got a faintly glowing falchion
 34556 | Spider:1 | HP: 34/124 [meliai/divine providence (11)]
 35792 | Spider:1 | Gained mutation: You have a pair of large antennae on your head. (SInv) [demonic ancestry]
 35792 | Spider:1 | Reached XP level 16. HP: 109/131 MP: 23/23
 35843 | Spider:1 | Learned a level 1 spell: Summon Butterflies
 36374 | Spider:2 | Received a gift from Okawaru
 36454 | Spider:2 | HP: 39/131 [jumping spider (10)]
 36459 | Spider:2 | HP: 39/131 [poisoned by a redback]
 37986 | Spider:2 | Reached skill level 17 in Long Blades
 38076 | Spider:2 | Reached skill level 14 in Fighting
 38076 | Spider:2 | Reached skill level 15 in Armour
 38197 | Spider:3 | Reached skill level 3 in Dodging
 38239 | Spider:3 | HP: 36/133 [spark wasp (13)]
 38240 | Spider:3 | HP: 3/133 [spark wasp (17)]
 38244 | Spider:3 | Slain by a spark wasp

Vault maps used:
D:1:      dpeg_arrival_simpleton_c, minmay_cut_off
D:2:      minmay_wonky_spiral, marbit_many_paths
D:3:      lemuel_doored_altar, portal_sewer_entry_c, first_bread,
          minmay_crystal_room, serial_bayou_pond_c
D:4:      old_standard_altar, nicolae_ru_the_path_less_chosen, uniq_sigmund
D:5:      lemuel_insect_pit, nicolae_gozag_seed_capital, kennysheep_potato,
          uniq_duvessa
D:7:      serial_shops, nicolae_shop_crystal, uniq_prince_ribbit1, uniq_joseph
D:8:      eat_drink_and_be_merry_uskayaw, gammafunk_temple_overflow_wave,
          dpeg_oklobed_lair, serial_shops, shop, serial_co_window_serial,
          co_window_paths_a, co_window_paths_a, co_window_of_opportunity_a,
          co_window_paths_a, co_window_corner_a, co_window_paths_a,
          co_window_paths_b, co_window_corner_a, co_window_corner_a,
          co_window_cross_4, co_window_cross_2, co_window_2corner,
          co_window_unsneaky_path_b, co_window_corner_b, glass_columns_b,
          glass_columns_a, glass_columns_a, glass_columns_c, glass_columns_c,
          blue_anna_alchemist, minmay_unpleasant_kobolds
D:9:      uniq_erolcha
D:10:     nicolae_dithmenos_shadow_blocks
D:11:     lab_entry_generic, uniq_harold
D:12:     minmay_orc_entry_guard_dogs, basic_loot_grate_trap, uniq_urug,
          uniq_snorg
D:13:     grunt_vaults_entry_tiered, water_boxes_lemuel, uniq_frances
D:14:     infiniplex_staircase_squiggle
D:15:     grunt_enter_depths_giant_problem, interstate_on_off, serial_shops,
          shop, uniq_agnes
Temple:   regret_index_temple_waves
Lair:2:   swamp_mist_pool, portal_ice_cave_entry_ice_beasts, grunt_megastairs_1,
          lemuel_fruit_tree, uniq_nergalle
Lair:3:   nicolae_volcano_entry_batcave, grunt_megastairs_5, uniq_gastronok
Lair:4:   spider_nest_entry_web_field, guppyfry_lair_drakes
Lair:5:   slime_altar_1, basic_altar
Lair:6:   due_jungle_book, uniq_josephine
Spider:1: special_room, guppyfry_spider_mini_1
Spider:3: nicolae_spider_hall_of_the_moth_king
Orc:2:    st_orc_open, special_room, serial_shops, shop
Sewer:    sewer_kobolds
Volcano:  volcano_overflow

Skill      XL: |  1  2  3  4  5  6  7  8  9 10 11 12 13 14 15 16 |
---------------+-------------------------------------------------+-----
Long Blades    | 3 4 5 6 7 9 11 12 13 14 15 16 17 | 17.1
Armour         | 3 6 9 11 12 13 14 15 | 15.0
Invocations    | 6 10 | 10.1
Fighting       | 4 7 10 12 13 14 | 14.1
Dodging        | 3 |  3.2
Stealth        | |  1.7

Action                   |  1- 3 |  4- 6 |  7- 9 | 10-12 | 13-15 | 16-18 || total
-------------------------+-------+-------+-------+-------+-------+-------++-------
Melee: Falchion          |   119 |   203 |   450 |   537 |       |       ||  1309
       Punch             |       |       |     2 |     6 |       |       ||     8
       Dagger            |       |       |     8 |    18 |       |       ||    26
       Scimitar          |       |       |       |    32 |   135 |       ||   167
       Triple sword      |       |       |       |   178 |   911 |   162 ||  1251
       Rapier            |       |       |       |       |    19 |       ||    19
 Fire: Arbalest          |       |       |       |    51 |   161 |    54 ||   266
Throw: Javelin           |     1 |     7 |     4 |     2 |     3 |     2 ||    19
       Tomahawk          |       |    14 |    17 |    12 |       |       ||    43
 Cast: Repel Missiles    |       |       |       |     1 |       |       ||     1
Invok: Heroism           |       |       |     7 |    25 |    21 |     2 ||    55
       Finesse           |       |       |       |     1 |     3 |       ||     4
Evoke: Rod               |       |       |     1 |       |       |       ||     1
       Wand              |       |       |       |     3 |       |       ||     3
  Use: Scroll            |     4 |     7 |     7 |    10 |    14 |     1 ||    43
       Potion            |       |     2 |     1 |     6 |     2 |     5 ||    16
 Stab: Distracted        |     1 |       |     2 |     3 |       |       ||     6
       Sleeping          |     9 |    21 |    10 |    15 |       |       ||    55
  Eat: Chunk             |     2 |     8 |    14 |    27 |    51 |     6 ||   108
       Royal jelly       |       |       |     1 |       |     1 |       ||     2
       Fruit             |       |       |       |     1 |     1 |       ||     2
       Beef jerky        |       |       |       |     1 |       |       ||     1
       Meat ration       |       |       |       |     1 |       |       ||     1
       Pizza             |       |       |       |       |       |     1 ||     1
Armor: Robe              |     8 |    17 |       |       |       |       ||    25
       Scale mail        |       |     8 |    67 |       |       |       ||    75
       Chain mail        |       |       |    73 |   252 |   239 |   237 ||   801
       Plate armour      |       |       |       |   152 |   735 |       ||   887
Dodge: Dodged            |    45 |    63 |   137 |   226 |   438 |   160 ||  1069
       Deflected         |       |       |       |     1 |       |       ||     1

Table legend:
 A = Turns spent in this place as a percentage of turns spent in the entire game.
 B = Non-inter-level travel turns spent in this place as a percentage of non-inter-level travel turns spent in the entire game.
 C = Inter-level travel turns spent in this place as a percentage of turns spent in this place.
 D = Turns resting spent in this place as a percentage of non-inter-level travel turns spent in this place.
 E = Turns spent auto-exploring this place as a percentage of non-inter-level travel turns spent in this place.
 F = Non-inter-level travel turns spent in this place divided by the number of levels of this place that you've seen.
                   A       B       C       D       E      F
               +-------+-------+-------+-------+-------+----------------------
         Total | 100.0 | 100.0 |   0.7 |   2.5 |   6.0 | 400.3
       Dungeon |  51.6 |  51.5 |   0.8 |   2.3 |   6.8 | 398.9
        Temple |   0.2 |   0.2 |  10.0 |   0.0 |  77.8 |  18.0
          Lair |  25.7 |  25.7 |   1.0 |   1.9 |   6.5 | 496.7
   Spider Nest |  13.2 |  13.3 |   0.2 |   4.8 |   4.0 | 513.7
  Orcish Mines |   5.8 |   5.8 |   0.9 |   3.0 |   2.4 | 338.5
         Sewer |   1.3 |   1.4 |   0.0 |   3.8 |   1.3 | 157.0
       Volcano |   2.2 |   2.2 |   0.0 |   0.0 |   0.4 | 252.0
               +-------+-------+-------+-------+-------+----------------------

Vault maps used:
D:1:      dpeg_arrival_simpleton_c, minmay_cut_off
D:2:      minmay_wonky_spiral, marbit_many_paths
D:3:      lemuel_doored_altar, portal_sewer_entry_c, first_bread,
          minmay_crystal_room, serial_bayou_pond_c
D:4:      old_standard_altar, nicolae_ru_the_path_less_chosen, uniq_sigmund
D:5:      lemuel_insect_pit, nicolae_gozag_seed_capital, kennysheep_potato,
          uniq_duvessa
D:7:      serial_shops, nicolae_shop_crystal, uniq_prince_ribbit1, uniq_joseph
D:8:      eat_drink_and_be_merry_uskayaw, gammafunk_temple_overflow_wave,
          dpeg_oklobed_lair, serial_shops, shop, serial_co_window_serial,
          co_window_paths_a, co_window_paths_a, co_window_of_opportunity_a,
          co_window_paths_a, co_window_corner_a, co_window_paths_a,
          co_window_paths_b, co_window_corner_a, co_window_corner_a,
          co_window_cross_4, co_window_cross_2, co_window_2corner,
          co_window_unsneaky_path_b, co_window_corner_b, glass_columns_b,
          glass_columns_a, glass_columns_a, glass_columns_c, glass_columns_c,
          blue_anna_alchemist, minmay_unpleasant_kobolds
D:9:      uniq_erolcha
D:10:     nicolae_dithmenos_shadow_blocks
D:11:     lab_entry_generic, uniq_harold
D:12:     minmay_orc_entry_guard_dogs, basic_loot_grate_trap, uniq_urug,
          uniq_snorg
D:13:     grunt_vaults_entry_tiered, water_boxes_lemuel, uniq_frances
D:14:     infiniplex_staircase_squiggle
D:15:     grunt_enter_depths_giant_problem, interstate_on_off, serial_shops,
          shop, uniq_agnes
Temple:   regret_index_temple_waves
Lair:2:   swamp_mist_pool, portal_ice_cave_entry_ice_beasts, grunt_megastairs_1,
          lemuel_fruit_tree, uniq_nergalle
Lair:3:   nicolae_volcano_entry_batcave, grunt_megastairs_5, uniq_gastronok
Lair:4:   spider_nest_entry_web_field, guppyfry_lair_drakes
Lair:5:   slime_altar_1, basic_altar
Lair:6:   due_jungle_book, uniq_josephine
Spider:1: special_room, guppyfry_spider_mini_1
Spider:3: nicolae_spider_hall_of_the_moth_king
Orc:2:    st_orc_open, special_room, serial_shops, shop
Sewer:    sewer_kobolds
Volcano:  volcano_overflow
